 Dungeon Crawl Stone Soup version 0.27-a0-79-gcaaa221d37 (webtiles) character file.

Game seed: 11867023562352988691

422 Borgoz the Skirmisher (level 6, -1/52 HPs)
             Began as a Ghoul Gladiator on Jan 14, 2021.
             Slain by a jackal (2 damage)
             ... on level 4 of the Dungeon.
             The game lasted 00:03:01 (2639 turns).

Borgoz the Skirmisher (Ghoul Gladiator)             Turns: 2639, Time: 00:03:02

Health: -1/52      AC:  6    Str: 19    XL:     6   Next: 95%
Magic:  5/5        EV: 13    Int:  3    God:
Gold:   188        SH:  0    Dex: 11    Spells: 5/5 levels left

rFire    . . .     SeeInvis .   a - +1 long sword
rCold    + . .     Faith    .   (no shield)
rNeg     + + +     Spirit   .   b - +0 leather armour
rPois    ∞         Reflect  .   c - +0 helmet
rElec    .         Harm     .   q - +0 cloak
rCorr    .         Rampage  .   h - +0 pair of gloves
Will     .....                  (no boots)
Stlth    +.........             (no amulet)
HPRegen  0.00/turn              (no ring)
MPRegen  0.09/turn              (no ring)

@: no status effects
A: claws 1, cold resistance 1, negative energy resistance 3, inhibited
regeneration, torment resistance, unbreathing
a: no special abilities


You were on level 4 of the Dungeon.
You visited 1 branch of the dungeon, and saw 4 of its levels.

You collected 188 gold pieces.

Inventory:

Hand Weapons
 a - a +1 long sword (weapon)
Missiles
 d - 2 throwing nets (quivered)
Armour
 b - a +0 leather armour (worn)
 c - a +0 helmet (worn)
 h - a +0 pair of gloves (worn)
 q - a +0 cloak (worn)
Scrolls
 g - a scroll of fear
 j - 2 scrolls of teleportation
 m - 2 scrolls of remove curse
 n - a scroll of noise {unknown}
 p - a scroll of random uselessness {unknown}
 r - a scroll of blinking {unknown}
Potions
 e - 2 potions of degeneration {unknown}
 f - a potion of ambrosia
 k - 2 potions of haste
 t - a potion of berserk rage {unknown}


   Skills:
 + Level 4.2 Fighting
 + Level 4.1 Long Blades
 - Level 1.7 Throwing
 + Level 2.9 Armour
 + Level 4.1 Dodging


You had 5 spell levels left.
You didn't know any spells.
Your spell library was empty.

Dungeon Overview and Level Annotations

Branches:
Dungeon (4/15)
 Temple: D:4-7

Altars:
Gozag
Sif Muna
The Shining One

Shops:
D:3 *


Innate Abilities, Weirdness & Mutations

You thrive by killing the living.
You are immune to poison.
You have sharp fingernails.
Your flesh is cold resistant. (rC+)
You are immune to negative energy. (rN+++)
You do not regenerate when monsters are visible.
You are immune to unholy pain and torment.
You can survive without breathing.


Message History

The jackal bites you but does no damage.
A jackal comes into view.
You closely miss the jackal.
The jackal bites you but does no damage. x2
The jackal barely misses you.
You riposte.
You closely miss the jackal.
An orc comes into view. It is wielding a -3 short sword.
The jackal bites you but does no damage.
Found a scroll labelled KIORIMN IZIKI.
An orc and an orc priest come into view.
The orc shouts! x2; The orc priest shouts!
You hear a shout!
You hear a bark!
Found 21 sling bullets.
An orc priest comes into view. It is wielding a +0 mace.
A jackal comes into view.
The orc hits you with a cursed -3 short sword.
* * * LOW HITPOINT WARNING * * *
The orc priest shouts!
The jackal bites you but does no damage.
Found 10 gold pieces.
The jackal bites you.
You die...

##.!.##
#######.h...#####
#........h.......
#..##..)###...##..
#.#.#(#.#.#
#.hh#.#...#
#....###.oh###.
#..#. #.#h#?#.# #.
. #.#.#@# ##
.o#.#.#..#
.o#.#.#.#..$#
##o.#.# #..###
.##.# ##. # #(# .#
## . ##


You could see an orc and 4 jackals.

Vanquished Creatures
  A phantom (D:4)
  An ogre (D:4)
  A scorpion (D:4)
  Crazy Yiuf (D:2)
  11 adders
  2 oozes
  A dart slug (D:2)
  3 orcs
  5 bats
  5 giant cockroaches
  5 hobgoblins
  2 jackals (D:2)
  3 quokkas
  5 frilled lizards
  7 goblins
  8 kobolds
  4 rats
65 creatures vanquished.

Notes
Turn   | Place    | Note
-------+----------+-------------------------------------------
     0 | D:1      | Borgoz the Ghoul Gladiator began the quest for the Orb.
     0 | D:1      | Reached XP level 1. HP: 17/17 MP: 0/0
   213 | D:1      | Reached XP level 2. HP: 20/25 MP: 1/1
   782 | D:2      | Reached skill level 1 in Armour
   782 | D:2      | Reached XP level 3. HP: 23/30 MP: 2/2
   860 | D:2      | Reached XP level 4. HP: 29/38 MP: 3/3
  1057 | D:2      | Found a runed translucent door.
  1058 | D:2      | Noticed Crazy Yiuf
  1123 | D:2      | Found a glowing golden altar of the Shining One.
  1448 | D:2      | Paralysed by Crazy Yiuf for 2 turns
  1461 | D:2      | Killed Crazy Yiuf
  1462 | D:2      | Reached XP level 5. HP: 11/45 MP: 4/4
  1886 | D:3      | Found an opulent altar of Gozag.
  1900 | D:3      | Found Gozag's Platinum Reserve.
  2026 | D:3      | Found a faded altar of an unknown god.
  2274 | D:3      | Found a shimmering blue altar of Sif Muna.
  2360 | D:4      | Reached XP level 6. HP: 29/52 MP: 5/5
  2581 | D:4      | Noticed a phantom
  2607 | D:4      | Killed a phantom
  2637 | D:4      | HP: 1/52 [orc/cursed -3 short sword (4)]
  2639 | D:4      | Slain by a jackal

Illustrated notes

Levels and vault maps discovered:
D:1:      saegor_arrival_simple_a, layout_loops_cross
D:2:      layout_rooms, lemuel_coloured_pillars_altar,
          hangedman_abyss_or_decor_lesser_grid, uniq_crazy_yiuf_cottage
D:3:      layout_rooms, nicolae_gozag_zags_fifth_avenue,
          chequers_ecumenical_altar_island, lemuel_blue_sif_altar
D:4:      layout_loops_corners, minmay_starry_boxes

Skill      XL: |  1  2  3  4  5  6 |
---------------+-------------------+-----
Dodging        | 3 4 |  4.1
Long Blades    | 3 4 |  4.1
Armour         | 1 2 |  2.9
Fighting       | 3 4 |  4.2
Throwing       | |  1.7

Action                   |  1- 3 |  4- 6 || total
-------------------------+-------+-------++-------
Melee: Long sword        |    65 |   156 ||   221
Throw: Throwing net      |       |     3 ||     3
  Use: Potion            |       |     2 ||     2
       Scroll            |       |     8 ||     8
Armor: Leather armour    |    17 |    64 ||    81
Dodge: Dodged            |    65 |   117 ||   182
       Rpst.: Long sword |    24 |    43 ||    67

Table legend: (Time is in decaauts)
 A = Elapsed time spent in this place.
 B = Non-inter-level travel time spent in this place.
 C = Inter-level travel time spent in this place.
 D = Time resting spent in this place.
 E = Time spent auto-exploring this place.
 F = Levels seen in this place.
 G = Mean time per level.
                   A        B        C        D        E       F      G
               +--------+--------+--------+--------+--------+-----+--------+
         Total |   2684 |   2571 |    113 |    272 |   1810 |   4 |  671.0 |
       Dungeon |   2684 |   2571 |    113 |    272 |   1810 |   4 |  671.0 |
               +--------+--------+--------+--------+--------+-----+--------+

Top non-repeatable levels by time:
     D:2: 970 daAuts
     D:1: 788 daAuts
     D:3: 587 daAuts
     D:4: 338 daAuts
